 Dungeon Crawl Stone Soup version 0.24.0-37-gcf1ca852f1 (webtiles) character file.

Game seed: 3773927139344583778, levelgen mode: deterministic

386 Peloso the Shield-Bearer (level 6, 0/53 HPs)
             Began as a Minotaur Fighter on Dec 8, 2019.
             Slain by Edmund
             ... wielding a +2 flail of draining
              (3 damage)
             ... on level 4 of the Dungeon.
             The game lasted 00:07:14 (2336 turns).

Peloso the Shield-Bearer (Minotaur Fighter)         Turns: 2336, Time: 00:07:16

Health: 0/53       AC:  6    Str: 21    XL:     6   Next: 48%
Magic:  5/5        EV:  7    Int:  5    God:
Gold:   170        SH:  9    Dex: 11    Spells: 5/5 levels left

rFire    . . .     SeeInvis .   a - +0 long sword
rCold    . . .     Gourm    .   c - +0 shield
rNeg     . . .     Faith    .   b - +0 scale mail
rPois    .         Spirit   .   (helmet restricted)
rElec    .         Reflect  .   (no cloak)
rCorr    .         Harm     .   (no gloves)
MR       .....                  (no boots)
Stlth    ..........             e - amulet of rage
HPRegen  0.17/turn              (no ring)
MPRegen  0.09/turn              (no ring)

@: heavily drained
A: retaliatory headbutt, horns 2
a: Evoke Berserk Rage


You were on level 4 of the Dungeon.
You were hungry.

You visited 1 branch of the dungeon, and saw 4 of its levels.

You collected 170 gold pieces.

Inventory:

Hand Weapons
 a - a +0 long sword (weapon)
Armour
 b - a +0 scale mail (worn)
 c - a +0 shield (worn)
Jewellery
 e - an amulet of rage (around neck)
 k - a +3 amulet of reflection {unknown}
Wands
 p - a wand of polymorph (10)
 r - a wand of acid (8)
Scrolls
 g - 3 scrolls of magic mapping {unknown}
 i - 3 scrolls of noise {unknown}
 j - 4 scrolls of teleportation {unknown}
 l - 3 scrolls of identify {unknown}
 m - a scroll of fog {unknown}
 n - 2 scrolls of enchant armour {unknown}
 q - a scroll of enchant weapon {unknown}
Potions
 d - 2 potions of might
 h - 3 potions of curing
Comestibles
 f - 3 rations


   Skills:
 + Level 4.5(3.1) Fighting
 + Level 4.3(2.8) Long Blades
 + Level 5.2(3.6) Armour
 + Level 2.0(0.6) Dodging
 + Level 0.8(0.0) Stealth
 + Level 5.8(4.2) Shields


You had 5 spell levels left.
You didn't know any spells.
Your spell library was empty.

Dungeon Overview and Level Annotations

Branches:
Dungeon (4/15)
 Temple: D:4-7

Altars:
Kikubaaqudgha

Annotations:
D:4 Edmund


Innate Abilities, Weirdness & Mutations

You reflexively headbutt those who attack you in melee.
You have a pair of horns on your head.


Message History

Your headbutt misses Edmund.
Edmund is heavily wounded.
Edmund hits you with a +2 flail of draining.
You feel drained.
An adder comes into view.
Your shield and scale mail prevent you from hitting Edmund.
The adder hisses angrily.
You headbutt Edmund.
Edmund is heavily wounded.
Edmund hits you with a +2 flail of draining!
* * * LOW HITPOINT WARNING * * *
You feel drained.
* * * LOW HITPOINT WARNING * * *
You barely miss Edmund. You headbutt Edmund.
Edmund is heavily wounded.
You block the orc's attack.
Edmund hits you with a +2 flail of draining.
* * * LOW HITPOINT WARNING * * *
You feel drained.
You die...

............
........... #.........#
## ........S## #..
#.#.......##
###..##.#........### .
#.....#...............
#.....#......So.#..#.#
#.....#..#..†.@@......
##........†..#####.....
##......#.../....# ....
.........##.###... . .
.#......###..# #..
###.##.####... .
####........)...
#.......#######.#
####.#.....#.....


You could see Edmund, an adder, an orc and a ball python.

Vanquished Creatures
  A phantom (D:4)
  A scorpion (D:3)
  A howler monkey (D:4)
  2 orc wizards (D:3)
  A worker ant (D:4)
  4 adders
  2 oozes
  3 worms
  2 dart slugs (D:2)
  A leopard gecko (D:1)
  3 orcs
  4 bats
  6 giant cockroaches
  5 goblins
  5 hobgoblins
  2 jackals (D:3)
  A quokka (D:3)
  A ball python (D:4)
  6 frilled lizards
  9 kobolds
  A quokka skeleton (D:2)
  15 rats
76 creatures vanquished.

Notes
Turn   | Place    | Note
-------+----------+-------------------------------------------
     0 | D:1      | Peloso the Minotaur Fighter began the quest for the Orb.
     0 | D:1      | Reached XP level 1. HP: 19/19 MP: 0/0
   190 | D:1      | Reached XP level 2. HP: 23/27 MP: 1/1
   539 | D:1      | Reached XP level 3. HP: 31/33 MP: 2/2
   704 | D:2      | Reached skill level 1 in Dodging
   862 | D:2      | Found an ancient bone altar of Kikubaaqudgha.
  1314 | D:2      | Reached XP level 4. HP: 37/40 MP: 3/3
  1621 | D:3      | Reached XP level 5. HP: 31/46 MP: 4/4
  2241 | D:3      | Reached skill level 5 in Shields
  2265 | D:4      | Noticed a phantom
  2268 | D:4      | Reached skill level 5 in Armour
  2297 | D:4      | Killed a phantom
  2297 | D:4      | Reached XP level 6. HP: 29/53 MP: 5/5
  2326 | D:4      | Noticed Edmund
  2336 | D:4      | Slain by Edmund

Levels and vault maps discovered:
D:1:      wander_arrival_chamber, layout_basic, minmay_rat_gold_closets
D:2:      layout_basic, lemuel_round_altar
D:3:      layout_basic, chequers_serial_rivers_small_3
D:4:      layout_rooms, nicolae_qazlal_style_of_elements,
          gammafunk_temple_overflow_wave, minmay_temple_entry_slanted,
          first_ration, minmay_misc_feat_chi, uniq_edmund

Skill      XL: |  1  2  3  4  5 |
---------------+----------------+-----
Armour         | 4 5 |  5.2
Fighting       | 4 |  4.5
Shields        | 4 5 |  5.8
Dodging        | 1 2 |  2.0
Long Blades    | 3 4 |  4.3
Stealth        | |  0.8

Action                   |  1- 3 |  4- 6 || total
-------------------------+-------+-------++-------
Melee: Long sword        |   121 |   100 ||   221
       Headbutt          |    13 |    22 ||    35
  Use: Potion            |       |     5 ||     5
  Eat: Chunk             |     2 |     2 ||     4
Armor: Scale mail        |    66 |    53 ||   119
Dodge: Dodged            |    32 |    38 ||    70
Block: Shield            |    71 |    66 ||   137
       Rpst.: Long sword |    10 |     8 ||    18
